[Event "2nd Sharjah Masters 2018"]
[Site "Sharjah"]
[Date "2018.04.16"]
[Round "6"]
[White "Srija, Seshadri"]
[Black "Ahmed, Fareed"]
[Result "0-1"]
[ECO "C06"]
[WhiteElo "2264"]
[BlackElo "1989"]
[Annotator "NA RC"]
[PlyCount "96"]
[EventDate "2018.??.??"]
[EventType "swiss"]
[EventCountry "UAE"]
[SourceTitle "playchess.com"]
[Source "ChessBase"]
[SourceQuality "1"]
[TimeControl "5400+30"]

1. e4 e6 2. d4 d5 3. Nd2 Nf6 4. e5 Nfd7 5. Bd3 c5 6. c3 Nc6 7. Ne2 cxd4 8. cxd4 f6 9. exf6 Nxf6 10. Nf3 Bd6 11. O-O Qc7 12. h3 O-O 13. Be3 Bd7 14. Re1 Rae8 15. Rc1 Re7 16. Nc3 Qb8 17. Na4 Be8 18. Nc5 Bh5 19. g4 Nxg4 20. hxg4 Bxg4 21. Be2 Qe8 22. Ng5 Bxe2 23. Qxe2 Qg6 24. Qd3 Rf5 25. Qd2 Bxc5 26. Rxc5 h6 27. b4 hxg5 28. b5 Nd8 29. Rc8 Rf8 30. Rec1 Ree8 31. Kf1 g4 32. Qc2 Qh5 33. Ke1 g3 34. f4 Qf3 35. Qe2 Qe4 36. Kd2 Nf7 37. R8c7 Nd6 38. Qg4 Nf5 39. Bg1 Qg2+ 40. Kd3 Qxa2 41. Qg6 Qb3+ 42. Kd2 Qb4+ 43. R1c3 Re7 44. R7c5 Nd6 45. f5 Ne4+ 46. Kc2 Nxc3 47. Rxc3 exf5 48. Be3 Qxb5 0-1

[Event "2nd Sharjah Masters 2018"]
[Site "Sharjah"]
[Date "2018.04.16"]
[Round "6"]
[White "Al-Zaabi, Sultan"]
[Black "Dixit, Nikhil"]
[Result "0-1"]
[ECO "A49"]
[WhiteElo "2061"]
[BlackElo "2285"]
[Annotator "NA RC"]
[PlyCount "52"]
[EventDate "2018.??.??"]
[EventType "swiss"]
[EventCountry "UAE"]
[SourceTitle "playchess.com"]
[Source "ChessBase"]
[SourceQuality "1"]
[TimeControl "5400+30"]

1. d4 Nf6 2. Nf3 g6 3. g3 Bg7 4. Bg2 O-O 5. O-O d6 6. a4 a5 7. b3 e5 8. dxe5 Ng4 9. Bg5 Qd7 10. Nc3 h6 11. Bd2 Nxe5 12. Nxe5 dxe5 13. Qc1 Kh7 14. Rd1 c6 15. Ne4 Qe7 16. Be3 Na6 17. Bb6 Qb4 18. Be3 f5 19. Nd6 f4 20. Nxc8 fxe3 21. Nd6 exf2+ 22. Kh1 Rad8 23. Ne4 Rxd1+ 24. Qxd1 f1=Q+ 25. Bxf1 Qxe4+ 26. Bg2 Qd4 0-1